 Dungeon Crawl Stone Soup version 0.27.1-37-g7b29ead8ac (console) character file.

Game seed: 8901955997142629343

135 grimtooth the Insei (level 5, -1/37 HPs)
             Began as a Djinni Transmuter on Mar 8, 2023.
             Slain by a water moccasin zombie (6 damage)
             ... in an ossuary.
             The game lasted 00:09:44 (3506 turns).

grimtooth the Insei (Djinni Transmuter)             Turns: 3506, Time: 00:09:45

Health: -1/37      AC:  2    Str: 10    XL:     5   Next: 41%
Gold:   143        EV: 12    Int: 14    God:
                   SH:  0    Dex: 14

rFire    + + +     SeeInvis .     - Unarmed
rCold    + . .     Faith    .   (no shield)
rNeg     . . .     Spirit   .   o - +0 robe {rC+ rF+}
rPois    ∞         Reflect  .   (no helmet)
rElec    +         Harm     .   (no cloak)
rCorr    +         Rampage  .   (no gloves)
Will     +....                  (boots unavailable)
Stlth    +.........             (no amulet)
HPRegen  0.12/turn              q - ring of willpower
MPRegen  0.00/turn              (no ring)

@: resistant, flying
A: sickness immunity, fire resistance 2, cold vulnerability 1, float, innate
caster, hp casting, extra vitality 1
a: no special abilities


You were in an ossuary.
You visited 1 branch of the dungeon, and saw 4 of its levels.
You also visited: Ossuary.

You collected 143 gold pieces.

Inventory:

Missiles
 c - 4 javelins
 d - 38 stones (quivered)
 n - 23 sling bullets
 p - 4 poisoned darts
Armour
 a - a +0 robe
 o - a +0 robe of resistance (worn)
Magical Staves
 j - a staff of air
Jewellery
 q - a ring of willpower (left hand)
Scrolls
 h - a scroll of blinking {unknown}
 k - a scroll of enchant armour {unknown}
Potions
 b - a potion of flight {unknown}
 e - 2 potions of curing {unknown}
 f - 2 potions of resistance
 g - a potion of ambrosia {unknown}
 i - a potion of attraction {unknown}
 l - a potion of berserk rage {unknown}
 m - a potion of lignification {unknown}


   Skills:
 - Level 1.0 Fighting
 - Level 2.1 Dodging
 * Level 5.3 Unarmed Combat
 + Level 2.1 Spellcasting


You couldn't memorise any spells.
You knew the following spells:

 Your Spells              Type           Power      Damage    Failure   Level
a - Beastly Appendage     Tmut           14%        N/A       10%         1
b - Wereblood             Tmut           7%         N/A       16%         2
c - Spider Form           Tmut/Pois      3%         N/A       30%         3
d - Ice Form              Ice/Tmut       7%         N/A       69%         4
e - Magic Dart            Conj           28%        1d4       10%         1
f - Searing Ray           Conj           14%        3d3       16%         2
Your spell library was empty.

Dungeon Overview and Level Annotations

Branches:
Dungeon (4/15)            Ossuary (1/1)
 Temple: D:4-7

Altars:

Shops:
D:3 !


Innate Abilities, Weirdness & Mutations

You are immune to sickness and miasma.
You are immune to poison.
Your flesh is very heat resistant. (rF++)
You are vulnerable to cold. (rC-)
You float through the air rather than walking.
You learn spells naturally, not from books.
Your magical power is your life essence.
You have superior vitality. (+4 HP)


Message History

The adder zombie bites you.
You completely miss the adder zombie.
The adder zombie is almost destroyed.
The adder zombie completely misses you.
You barely miss the adder zombie.
The adder zombie is almost destroyed.
The adder zombie bites you.
You hit the adder zombie. You headbutt the adder zombie.
You destroy the adder zombie!
You barely miss the water moccasin zombie.
The water moccasin zombie bites you.
You barely miss the water moccasin zombie.
The water moccasin zombie bites you.
You hit the water moccasin zombie.
The water moccasin zombie is lightly damaged.
The water moccasin zombie bites you.
You barely miss the water moccasin zombie.
The water moccasin zombie is lightly damaged.
The water moccasin zombie bites you but does no damage.
You punch the water moccasin zombie!
The water moccasin zombie is moderately damaged.
The water moccasin zombie bites you.
You hit the water moccasin zombie.
The water moccasin zombie is moderately damaged.
Your horns disappear.
The water moccasin zombie bites you.
You hit the water moccasin zombie.
The water moccasin zombie is moderately damaged.
The water moccasin zombie bites you.
* * * LOW HITPOINT WARNING * * *
The water moccasin zombie barely misses you.
You punch the water moccasin zombie!
The water moccasin zombie is heavily damaged.
The water moccasin zombie bites you!
* * * LOW HITPOINT WARNING * * *
Unknown command.
It was a potion of resistance.
You feel protected. The water moccasin zombie bites you.
You die...

##### ##
#...# ..#
#...#...#
#..@Z...+
#'#######
#...#
#...#
#...#
#...#
###'#
#...#
#...#
#...#
#...#


You could see a water moccasin zombie.

Vanquished Creatures
  A water moccasin zombie (Ossuary)
  2 adders (D:3)
  A worm (D:2)
  An adder zombie (Ossuary)
  A dart slug (D:2)
  An orc (D:3)
  3 bats
  2 endoplasms (D:1)
  A giant cockroach (D:2)
  A gnoll zombie (Ossuary)
  5 goblins
  5 hobgoblins
  8 jackals (D:1)
  2 kobolds
  2 quokkas (D:2)
  9 ball pythons
  2 frilled lizards
  A hobgoblin zombie (Ossuary)
  A kobold zombie (Ossuary)
  2 orc zombies (Ossuary)
  A rat (D:3)
52 creatures vanquished.

Notes
Turn   | Place    | Note
-------+----------+-------------------------------------------
     0 | D:1      | grimtooth the Djinni Transmuter began the quest for the
                  | Orb.
     0 | D:1      | Reached XP level 1. HP: 17/17 MP: 0/0
   173 | D:1      | Reached XP level 2. HP: 14/22 MP: 0/0
   448 | D:1      | Found a faded altar of an unknown god.
   910 | D:1      | Reached skill level 4 in Unarmed Combat
   910 | D:1      | Reached XP level 3. HP: 27/27 MP: 0/0
   910 | D:1      | Learned a level 1 spell: Magic Dart
  2224 | D:3      | Found Nyitef's Distillery.
  2236 | D:3      | Reached XP level 4. HP: 23/32 MP: 0/0
  3215 | D:4      | Found a sand-covered staircase.
  3224 | Ossuary  | Entered an ossuary
  3266 | Ossuary  | Reached skill level 5 in Unarmed Combat
  3266 | Ossuary  | Reached XP level 5. HP: 15/37 MP: 0/0
  3266 | Ossuary  | Learned a level 2 spell: Searing Ray
  3506 | Ossuary  | Slain by a water moccasin zombie

Illustrated notes

Levels and vault maps discovered:
D:1:      matt_arrival_diagonals, layout_basic,
          hellmonk_ecumenical_altar_lost_god
D:2:      layout_basic, minmay_tree_intersection
D:3:      layout_rooms, serial_shops, nicolae_shop_waterfront
D:4:      layout_basic, nicolae_dithmenos_through_a_glass_darkly,
          grunt_qazlal_sundering, mainiacjoe_overflow_catwalk,
          nicolae_ossuary_entry_ruins, uniq_sigmund, uniq_blork_the_orc,
          uniq_duvessa
Ossuary:  ossuary_tomb_2

Skill      XL: |  1  2  3  4 |
---------------+-------------+-----
Unarmed Combat | 4 5 |  5.3
Spellcasting   | 2 |  2.1
Fighting       | |  1.0
Dodging        | |  2.1

Action                   |  1- 3 |  4- 6 || total
-------------------------+-------+-------++-------
Melee: Unarmed           |    97 |    66 ||   163
       Headbutt          |    15 |     7 ||    22
       Punch             |       |     1 ||     1
Throw: Stone             |    51 |    31 ||    82
       Javelin           |     8 |       ||     8
 Cast: Beastly Appendage |    27 |    13 ||    40
       Magic Dart        |     6 |     3 ||     9
  Use: Potion            |       |     1 ||     1
 Stab: Sleeping          |       |     1 ||     1
Armor: Robe              |    10 |    11 ||    21
Dodge: Dodged            |    74 |    31 ||   105
